WCHLSIM.com - West Coast Hockey League
html PUBLIC "-//W3C//DTD XHTML 1.0 Transitional//EN" "http://www.w3.org/TR/xhtml1/DTD/xhtml1-transitional.dtd"> WCHL - Game 838 - PHOENIX MUSTANGS vs REGINA FALCONS

PHOENIX MUSTANGS vs REGINA FALCONS

Created - 18 février 2024 at 17:29

Goals
1 2 3 T
PHOENIX MUSTANGS 1 3 1 5
REGINA FALCONS 1 1 0 2
Shots
1 2 3 T
PHOENIX MUSTANGS 11 21 13 45
REGINA FALCONS 5 4 6 15

1st period

1. PHOENIX MUSTANGS , Jonathan Miller 25 (Kristopher Letang 22) at 0:03
2. REGINA FALCONS , Pavol Regenda 1 (Jacob Peterson 3) at 5:01

Penalties :
No Penalty

2nd period

3. PHOENIX MUSTANGS , Jonathan Miller 26 (Jeff Petry 22, Sam Reinhart 20) at 1:55 (PP)
4. PHOENIX MUSTANGS , Tom Wilson 10 (Torey Krug 13, Kristopher Letang 23) at 6:43
5. PHOENIX MUSTANGS , Sam Reinhart 22 (Jordan Eberle 32, Andrew Copp 21) at 7:09
6. REGINA FALCONS , Andrei Kuzmenko 17 (Rickard Rakell 33, Zach Bogosian 1) at 9:32 (PP)

Penalties :
Logan Stanley (REG) for Slashing (Minor) at 1:33, Juuso Parssinen (PHX) for Roughing (Minor) at 8:08, Tom Wilson (PHX) for Holding (Minor) at 10:39, Pierre-Olivier Joseph (REG) for Hooking (Minor) at 19:48

3rd period

7. PHOENIX MUSTANGS , Juuso Parssinen 4 (Jeff Petry 23, Conor Sheary 16) at 2:29

Penalties :
No Penalty

Goalie Stats

Jake Allen (PHX), 13 saves from 15 shots - (0,867), W, 14-16-1, 60:00 minutes
Antti Raanta (REG), 22 saves from 23 shots - (0,957), 32:51 minutes
Anton Khudobin (REG), 18 saves from 22 shots - (0,818), L, 1-7-1, 27:09 minutes

Players Stats for PHOENIX MUSTANGS

Player Name              G  A  P  +/- PIM S  H  SB GA TA FO     MP     PP MP  PK MP  
------------------------------------------------------------------------------------
Adam Ruzicka             0  0  0   0  0   0  0  0  0  0  0/0     0:00   0:00   0:00 
Alex Barre-Boulet        0  0  0   0  0   0  0  0  0  0  0/0     3:59   0:00   0:00 
Andreas Athanasiou       0  0  0   2  0   2  0  0  0  0  2/2    18:32   0:23   0:00 
Andrew Copp              0  1  1   0  0   3  0  0  0  0  1/2    20:31   0:23   2:04 
Christian Fischer        0  0  0   0  0   0  0  0  0  0  0/0     0:00   0:00   0:00 
Connor Clifton           0  0  0   1  0   0  2  0  0  0  0/0    15:48   0:56   0:00 
Conor Sheary             0  1  1   1  0   3  0  0  0  0  0/2    19:22   0:00   1:19 
Ilya Lyubushkin          0  0  0   1  0   0  2  0  0  0  0/0    14:52   0:00   0:00 
Jeff Petry               0  2  2   0  0   1  1  2  0  0  0/0    21:49   0:56   1:53 
Jesper Fast              0  0  0   1  0   3  1  0  0  0  1/1    14:04   0:00   0:00 
Jonathan Miller          2  0  2   2  0   7  0  0  0  0  21/25  22:11   1:58   2:04 
Jordan Eberle            0  1  1   0  0   4  1  0  0  0  1/2    18:27   0:23   0:00 
Juuso Parssinen          1  0  1   1  2   7  3  1  0  0  11/23  18:02   0:00   0:00 
Kristopher Letang        0  2  2   2  0   2  4  2  0  0  0/0    23:19   1:25   1:30 
Radko Gudas              0  0  0   0  0   0  3  1  0  0  0/0    20:53   0:00   1:53 
Sam Reinhart             1  1  2   0  0   7  0  0  0  0  14/25  21:21   1:58   1:19 
Tom Wilson               1  0  1   2  2   5  2  0  0  0  0/1    20:06   1:58   0:00 
Torey Krug               0  1  1   2  0   1  2  0  0  0  0/0    23:19   1:25   1:30 

Players Stats for REGINA FALCONS

Player Name              G  A  P  +/- PIM S  H  SB GA TA FO     MP     PP MP  PK MP  
------------------------------------------------------------------------------------
Alexander Kerfoot        0  0  0   0  0   3  0  0  0  0  13/22  19:24   1:52   0:56 
Andrei Kuzmenko          1  0  1  -2  0   2  0  0  0  0  0/1    21:44   1:31   1:25 
Dominik Kubalik          0  0  0   0  0   1  0  0  0  0  0/2    18:45   1:52   0:56 
Egor Afanasyev           0  0  0   0  0   1  0  0  0  0  2/7     7:11   0:00   0:00 
Filip Roos               0  0  0   0  0   0  0  0  0  0  0/0     1:12   0:00   0:00 
Jacob Peterson           0  1  1  -1  0   1  1  1  0  0  5/16   15:32   0:00   0:00 
Jeff Malott              0  0  0   0  0   0  1  0  0  0  0/1     6:33   0:00   0:00 
John Klingberg           0  0  0  -2  0   1  1  2  0  0  0/0    27:35   1:52   1:42 
Logan Stanley            0  0  0  -2  2   0  2  1  0  0  0/0    18:26   0:00   0:39 
Marco Scandella          0  0  0   0  0   2  3  0  0  0  0/0    22:16   1:31   0:39 
Max Jones                0  0  0  -2  0   0  6  0  0  0  0/1    19:45   1:31   0:00 
Patric Hornqvist         0  0  0   0  0   0  0  0  0  0  0/0    17:37   1:52   0:00 
Pavol Regenda            1  0  1  -1  0   1  1  0  0  0  0/1    13:24   0:00   0:00 
Pierre-Olivier Joseph    0  0  0  -2  2   0  3  2  0  0  0/0    20:58   1:52   0:00 
Rickard Rakell           0  1  1  -2  0   3  1  0  0  0  11/31  22:29   1:31   1:25 
Sammy Walker             0  0  0   0  0   0  0  0  0  0  0/0     6:41   0:00   0:00 
Simon Ryfors             0  0  0  -1  0   0  0  0  0  0  1/1    14:13   0:00   0:00 
Zach Bogosian            0  1  1   0  0   0  3  3  0  0  0/0    23:52   1:31   1:42 

3 Stars

1 - Jonathan Miller (PHX)
2 - Kristopher Letang (PHX)
3 - Sam Reinhart (PHX)

Power Play

PHOENIX MUSTANGS - 1 on 2 Attempt(s) - 50,00%
REGINA FALCONS - 1 on 2 Attempt(s) - 50,00%

Penalty Kill

PHOENIX MUSTANGS - 1 on 2 Attempt(s) - 50,00% - Score 0 goal in Penalty Kill
REGINA FALCONS - 1 on 2 Attempt(s) - 50,00% - Score 0 goal in Penalty Kill

Team Stat

PHOENIX MUSTANGS - Hits : 21 - Faceoff Wins : 51 - Blocked Shots : 6 - Penalty Minutes : 4
REGINA FALCONS - Hits : 22 - Faceoff Wins : 32 - Blocked Shots : 9 - Penalty Minutes : 4

Official

Referees : Kevin Pollock and Garrett Rank
Linesman : Tyson Baker and Jesse Marquis

Game Notes

Filip Roos is injured at 5:54 of 1st period (Bruised Right Shoulder)
Antti Raanta enters game at 7:09 of 2nd period

Finance

Level 1 -- Attendance: 4474 (74,57%) -- Ticket Income 1 051 390 $
Level 2 -- Attendance: 3330 (66,60%) -- Ticket Income 599 400 $
Level 3 -- Attendance: 1553 (77,65%) -- Ticket Income 217 420 $
Level 4 -- Attendance: 2993 (74,83%) -- Ticket Income 269 370 $
Luxury Box -- Attendance: 1000 (100,00%) -- Ticket Income 220 000 $
Game was played at the Larouche Arena.
Total Attendance: 13350 (74,17%)
Total Ticket Income: 2 357 580 $
Other Expense: 23 576 $
Total Income: 2 334 004 $

PHOENIX MUSTANGS

5 vs 5 Forward 
   Center                   Left Wing                Right Wing               Time % Phy DF OF 
 1 Jonathan Miller          Andreas Athanasiou       Tom Wilson               34     1   2  2  
 2 Sam Reinhart             Andrew Copp              Jordan Eberle            33     1   2  2  
 3 Juuso Parssinen          Conor Sheary             Jesper Fast              25     1   2  2  
 4 Juuso Parssinen          Conor Sheary             Alex Barre-Boulet        8      1   2  2  

5 vs 5 Defense 
   Defense                  Defense                                           Time % Phy DF OF 
 1 Kristopher Letang        Torey Krug                                        42     1   2  2  
 2 Radko Gudas              Jeff Petry                                        35     1   2  2  
 3 Connor Clifton           Ilya Lyubushkin                                   23     1   2  2  
 4 Jeff Petry               Torey Krug                                        0      1   2  2  

PowerPlay Forward 
   Center                   Left Wing                Right Wing               Time % Phy DF OF 
 1 Jonathan Miller          Tom Wilson               Sam Reinhart             55     1   2  2  
 2 Andrew Copp              Andreas Athanasiou       Jordan Eberle            45     1   2  2  

PowerPlay Defense
   Defense                  Defense                                           Time % Phy DF OF 
 1 Kristopher Letang        Torey Krug                                        60     1   2  2  
 2 Connor Clifton           Jeff Petry                                        40     1   2  2  

Penalty Kill 4 Players Forward 
   Center                   Wing                     Time % Phy DF OF 
 1 Jonathan Miller          Andrew Copp              55     1   2  2  
 2 Sam Reinhart             Conor Sheary             45     1   2  2  

Penalty Kill 4 Players Defense
   Defense                  Defense                  Time % Phy DF OF 
 1 Jeff Petry               Radko Gudas              60     1   2  2  
 2 Torey Krug               Kristopher Letang        40     1   2  2  

Penalty Kill - 3 Players Forward 
   Forward                                           Time % Phy DF OF 
 1 Andrew Copp                                       50     1   2  2  
 2 Sam Reinhart                                      50     1   2  2  

Penalty Kill - 3 Players Defense
   Defense                  Defense                  Time % Phy DF OF 
 1 Jeff Petry               Kristopher Letang        55     1   2  2  
 2 Radko Gudas              Torey Krug               45     1   2  2  

4 vs 4 Forward 
   Center                   Wing                     Time % Phy DF OF 
 1 Jonathan Miller          Tom Wilson               50     1   2  2  
 2 Sam Reinhart             Jordan Eberle            50     1   2  2  

4 vs 4 Defense
   Defense                  Defense                  Time % Phy DF OF 
 1 Jeff Petry               Torey Krug               60     1   2  2  
 2 Radko Gudas              Kristopher Letang        40     1   2  2  

Last Minutes Offensive
   Center                   Left Wing                Right Wing               Defense                  Defense                  
   Jonathan Miller          Tom Wilson               Sam Reinhart             Jeff Petry               Kristopher Letang        

Last Minutes Defensive
   Center                   Left Wing                Right Wing               Defense                  Defense                  
   Jonathan Miller          Andrew Copp              Sam Reinhart             Jeff Petry               Kristopher Letang        

Goaltenders
Starting : Jake Allen               
Backup : Petr Mrazek              

Extra Forwards
Normal : Jonathan Miller, Jordan Eberle, Sam Reinhart - PP : Jordan Eberle, Jonathan Miller - PK : Andrew Copp
Extra Defensemen
Normal : Kristopher Letang, Jeff Petry, Radko Gudas - PP : Torey Krug - PK : Radko Gudas, Jeff Petry
Penalty Shots
Jonathan Miller, Sam Reinhart, Kristopher Letang, Jordan Eberle, Andrew Copp
Custom OT Lines Forwards
Jonathan Miller, Sam Reinhart, Tom Wilson, Jordan Eberle, Andrew Copp, Andreas Athanasiou, Jesper Fast, Conor Sheary, Christian Fischer, Juuso Parssinen
Custom OT Lines Defensemen
Kristopher Letang, Jeff Petry, Torey Krug, Connor Clifton, Radko Gudas

Scratches
Joel Edmundson (Suspend), Craig Smith (Suspend), Tyson Jost (Suspend)

REGINA FALCONS

5 vs 5 Forward 
   Center                   Left Wing                Right Wing               Time % Phy DF OF 
 1 Rickard Rakell           Andrei Kuzmenko          Max Jones                36     1   2  2  
 2 Alexander Kerfoot        Dominik Kubalik          Patric Hornqvist         31     1   2  2  
 3 Jacob Peterson           Simon Ryfors             Pavol Regenda            23     1   2  2  
 4 Egor Afanasyev           Jeff Malott              Sammy Walker             10     1   2  2  

5 vs 5 Defense 
   Defense                  Defense                                           Time % Phy DF OF 
 1 John Klingberg           Logan Stanley                                     36     1   2  2  
 2 Zach Bogosian            Marco Scandella                                   31     1   2  2  
 3 Pierre-Olivier Joseph    Filip Roos                                        23     1   2  2  
 4 John Klingberg           Zach Bogosian                                     10     1   2  2  

PowerPlay Forward 
   Center                   Left Wing                Right Wing               Time % Phy DF OF 
 1 Rickard Rakell           Andrei Kuzmenko          Max Jones                55     1   2  2  
 2 Alexander Kerfoot        Dominik Kubalik          Patric Hornqvist         45     1   2  2  

PowerPlay Defense
   Defense                  Defense                                           Time % Phy DF OF 
 1 John Klingberg           Pierre-Olivier Joseph                             55     1   2  2  
 2 Zach Bogosian            Marco Scandella                                   45     1   2  2  

Penalty Kill 4 Players Forward 
   Center                   Wing                     Time % Phy DF OF 
 1 Rickard Rakell           Andrei Kuzmenko          55     1   2  2  
 2 Dominik Kubalik          Alexander Kerfoot        45     1   2  2  

Penalty Kill 4 Players Defense
   Defense                  Defense                  Time % Phy DF OF 
 1 John Klingberg           Filip Roos               55     1   2  2  
 2 Zach Bogosian            Marco Scandella          45     1   2  2  

Penalty Kill - 3 Players Forward 
   Forward                                           Time % Phy DF OF 
 1 Rickard Rakell                                    55     1   2  2  
 2 Andrei Kuzmenko                                   45     1   2  2  

Penalty Kill - 3 Players Defense
   Defense                  Defense                  Time % Phy DF OF 
 1 John Klingberg           Pierre-Olivier Joseph    55     1   2  2  
 2 Zach Bogosian            Marco Scandella          45     1   2  2  

4 vs 4 Forward 
   Center                   Wing                     Time % Phy DF OF 
 1 Rickard Rakell           Andrei Kuzmenko          55     1   2  2  
 2 Dominik Kubalik          Alexander Kerfoot        45     1   2  2  

4 vs 4 Defense
   Defense                  Defense                  Time % Phy DF OF 
 1 John Klingberg           Logan Stanley            55     1   2  2  
 2 Zach Bogosian            Marco Scandella          45     1   2  2  

Last Minutes Offensive
   Center                   Left Wing                Right Wing               Defense                  Defense                  
   Rickard Rakell           Andrei Kuzmenko          Max Jones                John Klingberg           Logan Stanley            

Last Minutes Defensive
   Center                   Left Wing                Right Wing               Defense                  Defense                  
   Rickard Rakell           Andrei Kuzmenko          Max Jones                John Klingberg           Logan Stanley            

Goaltenders
Starting : Anton Khudobin           
Backup : Antti Raanta             

Extra Forwards
Normal : Jacob Peterson, Simon Ryfors, Jeff Malott - PP : Jacob Peterson, Simon Ryfors - PK : Jeff Malott
Extra Defensemen
Normal : Pierre-Olivier Joseph, Filip Roos, Zach Bogosian - PP : Pierre-Olivier Joseph - PK : Filip Roos, Zach Bogosian
Penalty Shots
Rickard Rakell, Andrei Kuzmenko, Dominik Kubalik, Alexander Kerfoot, Jacob Peterson
Custom OT Lines Forwards
Rickard Rakell, Andrei Kuzmenko, Dominik Kubalik, Alexander Kerfoot, Jacob Peterson, Max Jones, Simon Ryfors, Patric Hornqvist, Jeff Malott, Pavol Regenda
Custom OT Lines Defensemen
John Klingberg, Filip Roos, Zach Bogosian, Marco Scandella, Pierre-Olivier Joseph

Scratches
Aaron Ekblad (Healthy), Eric Robinson (Bruised Left Shoulder Injury), Chris Driedger (Healthy)

% Time on Ice - PHOENIX MUSTANGS

Lines # - Real PCT - Wanted PCT - Time Play
Normal Forward
1 - 33% - 34% - 18:09
2 - 33% - 33% - 18:04
3 - 26% - 25% - 14:04
4 - 7% - 8% - 3:59
Normal Defense
1 - 38% - 42% - 20:24
2 - 35% - 35% - 19:00
3 - 27% - 23% - 14:52
4 - 0% - 0% - 0:00
PP Forward
1 - 84% - 55% - 1:58
2 - 16% - 45% - 0:23
PP Defense
1 - 60% - 60% - 1:25
2 - 40% - 40% - 0:56
PK Forward
1 - 61% - 55% - 2:04
2 - 39% - 45% - 1:19
PK Defense
1 - 56% - 60% - 1:53
2 - 44% - 40% - 1:30
PK3 Forward
1 - 0% - 50%
2 - 0% - 50%
PK3 Defense
1 - 0% - 55%
2 - 0% - 45%
44 Forward
1 - 0% - 50%
2 - 0% - 50%
44 Defense
1 - 0% - 60%
2 - 0% - 40%
Last Minute Offensive  - 0:00
Last Minute Defensive  - 0:00
Total
Forward - 60:00
Defense - 60:00

% Time on Ice - REGINA FALCONS

Lines # - Real PCT - Wanted PCT - Time Play
Normal Forward
1 - 34% - 36% - 18:14
2 - 29% - 31% - 15:57
3 - 25% - 23% - 13:24
4 - 12% - 10% - 6:41
Normal Defense
1 - 33% - 36% - 17:48
2 - 23% - 31% - 12:42
3 - 39% - 23% - 20:55
4 - 5% - 10% - 2:51
PP Forward
1 - 45% - 55% - 1:31
2 - 55% - 45% - 1:52
PP Defense
1 - 55% - 55% - 1:52
2 - 45% - 45% - 1:31
PK Forward
1 - 60% - 55% - 1:25
2 - 40% - 45% - 0:56
PK Defense
1 - 100% - 55% - 2:21
2 - 0% - 45% - 0:00
PK3 Forward
1 - 0% - 55%
2 - 0% - 45%
PK3 Defense
1 - 0% - 55%
2 - 0% - 45%
44 Forward
1 - 0% - 55%
2 - 0% - 45%
44 Defense
1 - 0% - 55%
2 - 0% - 45%
Last Minute Offensive  - 0:00
Last Minute Defensive  - 0:00
Total
Forward - 60:00
Defense - 60:00

Play-by-Play

1st period


0:01 of 1st period - Jonathan Miller wins face-off versus Rickard Rakell in neutral zone.
0:01 of 1st period - Kristopher Letang is hit by Max Jones.
0:03 of 1st period - Shot by Jonathan Miller.
0:03 of 1st period - Goal by Jonathan Miller - PHOENIX MUSTANGS : 1 - REGINA FALCONS : 0.
0:04 of 1st period - Alexander Kerfoot wins face-off versus Sam Reinhart in neutral zone.
0:07 of 1st period - Shot by Alexander Kerfoot.
0:07 of 1st period - Shot Misses the Net.
0:09 of 1st period - Shot by Alexander Kerfoot.
0:09 of 1st period - Deflect By Dominik Kubalik.
0:09 of 1st period - Shot Blocked by Jeff Petry.
0:11 of 1st period - Shot by Alexander Kerfoot.
0:11 of 1st period - Shot Misses the Net.
0:13 of 1st period - Shot by Dominik Kubalik.
0:13 of 1st period - Shot Misses the Net.
0:21 of 1st period - Shot by Alexander Kerfoot.
0:21 of 1st period - Shot Misses the Net.
0:23 of 1st period - Shot by Alexander Kerfoot.
0:23 of 1st period - Shot Misses the Net.
0:33 of 1st period - Shot by Alexander Kerfoot.
0:33 of 1st period - Deflect By Dominik Kubalik.
0:33 of 1st period - Stopped by Jake Allen without a rebound.
0:34 of 1st period - Jesper Fast wins face-off versus Rickard Rakell in PHOENIX MUSTANGS zone.
0:40 of 1st period - Rickard Rakell is hit by Kristopher Letang and loses puck.
0:49 of 1st period - Shot by Andrei Kuzmenko.
0:49 of 1st period - Shot Misses the Net.
1:14 of 1st period - Andrei Kuzmenko is hit by Torey Krug and loses puck.
1:37 of 1st period - Connor Clifton is hit by Jacob Peterson and loses puck.
1:48 of 1st period - Shot by Jacob Peterson.
1:48 of 1st period - Stopped by Jake Allen without a rebound.
1:49 of 1st period - Sam Reinhart wins face-off versus Egor Afanasyev in PHOENIX MUSTANGS zone.
2:24 of 1st period - Shot by Andrew Copp.
2:24 of 1st period - Stopped by Anton Khudobin without a rebound.
2:25 of 1st period - Jonathan Miller wins face-off versus Alexander Kerfoot in REGINA FALCONS zone.
2:43 of 1st period - Shot by Dominik Kubalik.
2:43 of 1st period - Shot Misses the Net.
2:50 of 1st period - Icing by Connor Clifton.
2:51 of 1st period - Andreas Athanasiou wins face-off versus Andrei Kuzmenko in PHOENIX MUSTANGS zone.
2:51 of 1st period - Andreas Athanasiou is hit by Max Jones.
3:21 of 1st period - Jonathan Miller is hit by Max Jones and loses puck.
4:12 of 1st period - Shot by Conor Sheary.
4:12 of 1st period - Shot Misses the Net.
4:27 of 1st period - Icing by Rickard Rakell.
4:28 of 1st period - Rickard Rakell wins face-off versus Sam Reinhart in REGINA FALCONS zone.
5:01 of 1st period - Shot by Pavol Regenda.
5:01 of 1st period - Goal by Pavol Regenda - PHOENIX MUSTANGS : 1 - REGINA FALCONS : 1.
5:02 of 1st period - Alexander Kerfoot wins face-off versus Jonathan Miller in neutral zone.
5:07 of 1st period - Shot by Dominik Kubalik.
5:07 of 1st period - Shot Misses the Net.
5:30 of 1st period - Dominik Kubalik is hit by Connor Clifton and loses puck.
5:37 of 1st period - Shot by Alexander Kerfoot.
5:37 of 1st period - Stopped by Jake Allen without a rebound.
5:38 of 1st period - Juuso Parssinen wins face-off versus Jacob Peterson in PHOENIX MUSTANGS zone.
5:40 of 1st period - Icing by Kristopher Letang.
5:41 of 1st period - Jacob Peterson wins face-off versus Juuso Parssinen in PHOENIX MUSTANGS zone.
5:52 of 1st period - Shot by Juuso Parssinen.
5:52 of 1st period - Stopped by Anton Khudobin without a rebound.
5:53 of 1st period - Egor Afanasyev wins face-off versus Sam Reinhart in REGINA FALCONS zone.
5:53 of 1st period - Filip Roos is hit by Jordan Eberle.
5:54 of 1st period - Filip Roos from REGINA FALCONS is injured at 5:54 of 1st period (Bruised Right Shoulder).
5:55 of 1st period - Simon Ryfors wins face-off versus Juuso Parssinen in REGINA FALCONS zone.
6:53 of 1st period - Shot by Jeff Petry.
6:53 of 1st period - Shot Misses the Net.
8:22 of 1st period - Jacob Peterson is hit by Ilya Lyubushkin and loses puck.
9:06 of 1st period - Shot by Kristopher Letang.
9:06 of 1st period - Stopped by Anton Khudobin without a rebound.
9:07 of 1st period - Sam Reinhart wins face-off versus Rickard Rakell in REGINA FALCONS zone.
9:15 of 1st period - Icing by Zach Bogosian.
9:16 of 1st period - Sam Reinhart wins face-off versus Rickard Rakell in REGINA FALCONS zone.
9:20 of 1st period - Icing by Rickard Rakell.
9:21 of 1st period - Rickard Rakell wins face-off versus Sam Reinhart in REGINA FALCONS zone.
9:28 of 1st period - Sam Reinhart is hit by Max Jones and loses puck.
10:04 of 1st period - Off-side.
10:05 of 1st period - Alexander Kerfoot wins face-off versus Conor Sheary in neutral zone.
10:19 of 1st period - Shot by Dominik Kubalik.
10:19 of 1st period - Shot Misses the Net.
11:04 of 1st period - Off-side.
11:05 of 1st period - Sam Reinhart wins face-off versus Egor Afanasyev in neutral zone.
11:36 of 1st period - Shot by Sam Reinhart.
11:36 of 1st period - The goal is going for a video replay.
11:36 of 1st period - The goal is refused.
11:37 of 1st period - Jonathan Miller wins face-off versus Jacob Peterson in REGINA FALCONS zone.
11:40 of 1st period - Shot by Andreas Athanasiou.
11:40 of 1st period - Stopped by Anton Khudobin with a rebound.
11:43 of 1st period - Icing by John Klingberg.
11:44 of 1st period - Jonathan Miller wins face-off versus Pavol Regenda in REGINA FALCONS zone.
11:44 of 1st period - Jonathan Miller is hit by John Klingberg.
12:14 of 1st period - Shot by Andreas Athanasiou.
12:14 of 1st period - Shot Misses the Net.
12:46 of 1st period - Shot by Jesper Fast.
12:46 of 1st period - Shot Misses the Net.
13:05 of 1st period - Icing by Torey Krug.
13:06 of 1st period - Juuso Parssinen wins face-off versus Alexander Kerfoot in PHOENIX MUSTANGS zone.
13:23 of 1st period - Shot by Juuso Parssinen.
13:23 of 1st period - Shot Misses the Net.
13:59 of 1st period - Shot by Sam Reinhart.
13:59 of 1st period - Shot Blocked by Zach Bogosian.
14:01 of 1st period - Shot by Sam Reinhart.
14:01 of 1st period - Stopped by Anton Khudobin without a rebound.
14:02 of 1st period - Jonathan Miller wins face-off versus Jacob Peterson in REGINA FALCONS zone.
14:08 of 1st period - Zach Bogosian is hit by Tom Wilson and loses puck.
14:28 of 1st period - Shot by Tom Wilson.
14:28 of 1st period - Stopped by Anton Khudobin with a rebound.
14:31 of 1st period - Icing by Zach Bogosian.
14:32 of 1st period - Sam Reinhart wins face-off versus Jacob Peterson in REGINA FALCONS zone.
15:12 of 1st period - Shot by Andrew Copp.
15:12 of 1st period - Stopped by Anton Khudobin without a rebound.
15:13 of 1st period - Jonathan Miller wins face-off versus Alexander Kerfoot in REGINA FALCONS zone.
15:25 of 1st period - Tom Wilson is hit by Pierre-Olivier Joseph and loses puck.
15:34 of 1st period - Shot by Dominik Kubalik.
15:34 of 1st period - Deflect By Alexander Kerfoot.
15:34 of 1st period - Shot Misses the Net.
15:36 of 1st period - Shot by John Klingberg.
15:36 of 1st period - Stopped by Jake Allen without a rebound.
15:37 of 1st period - Juuso Parssinen wins face-off versus Rickard Rakell in PHOENIX MUSTANGS zone.
16:15 of 1st period - Shot by Juuso Parssinen.
16:15 of 1st period - Stopped by Anton Khudobin with a rebound.
17:40 of 1st period - Shot by Sam Reinhart.
17:40 of 1st period - Shot Blocked by Pierre-Olivier Joseph.
17:42 of 1st period - Shot by Ilya Lyubushkin.
17:42 of 1st period - Shot Blocked by Pierre-Olivier Joseph.
17:44 of 1st period - Shot by Ilya Lyubushkin.
17:44 of 1st period - Shot Misses the Net.
18:27 of 1st period - Shot by Jesper Fast.
18:27 of 1st period - Stopped by Anton Khudobin without a rebound.
18:28 of 1st period - Jonathan Miller wins face-off versus Rickard Rakell in REGINA FALCONS zone.
18:49 of 1st period - Icing by Jonathan Miller.
18:50 of 1st period - Jonathan Miller wins face-off versus Jacob Peterson in PHOENIX MUSTANGS zone.
19:00 of 1st period - Icing by John Klingberg.
19:01 of 1st period - Juuso Parssinen wins face-off versus Jacob Peterson in REGINA FALCONS zone.
Goals for this period are 1 for PHOENIX MUSTANGS vs 1 for REGINA FALCONS.
Shots for this period are 11 for PHOENIX MUSTANGS vs 5 for REGINA FALCONS.

2nd period


0:01 of 2nd period - Sam Reinhart wins face-off versus Rickard Rakell in neutral zone.
0:08 of 2nd period - Shot by Jordan Eberle.
0:08 of 2nd period - Deflect By Sam Reinhart.
0:08 of 2nd period - Stopped by Anton Khudobin with a rebound.
0:10 of 2nd period - Shot by Torey Krug.
0:10 of 2nd period - Stopped by Anton Khudobin without a rebound.
0:11 of 2nd period - Alexander Kerfoot wins face-off versus Jonathan Miller in REGINA FALCONS zone.
0:11 of 2nd period - Dominik Kubalik is hit by Tom Wilson and loses puck.
0:24 of 2nd period - Shot by Tom Wilson.
0:24 of 2nd period - Stopped by Anton Khudobin without a rebound.
0:25 of 2nd period - Rickard Rakell wins face-off versus Sam Reinhart in REGINA FALCONS zone.
0:57 of 2nd period - Rickard Rakell is hit by Kristopher Letang and loses puck.
1:06 of 2nd period - Shot by Max Jones.
1:06 of 2nd period - Shot Misses the Net.
1:33 of 2nd period - Minor Penalty to Logan Stanley for Slashing.
1:34 of 2nd period - Jonathan Miller wins face-off versus Dominik Kubalik in REGINA FALCONS zone.
1:51 of 2nd period - Shot by Jeff Petry.
1:51 of 2nd period - Shot Misses the Net.
1:53 of 2nd period - Shot by Jonathan Miller.
1:53 of 2nd period - Shot Misses the Net.
1:55 of 2nd period - Shot by Jonathan Miller.
1:55 of 2nd period - Goal by Jonathan Miller - PHOENIX MUSTANGS : 2 - REGINA FALCONS : 1.
1:56 of 2nd period - Jacob Peterson wins face-off versus Juuso Parssinen in neutral zone.
2:28 of 2nd period - Shot by Conor Sheary.
2:28 of 2nd period - Stopped by Anton Khudobin with a rebound.
2:30 of 2nd period - Shot by Juuso Parssinen.
2:30 of 2nd period - Stopped by Anton Khudobin with a rebound.
2:32 of 2nd period - Shot by Conor Sheary.
2:32 of 2nd period - Stopped by Anton Khudobin with a rebound.
2:52 of 2nd period - Shot by Tom Wilson.
2:52 of 2nd period - Stopped by Anton Khudobin without a rebound.
2:53 of 2nd period - Rickard Rakell wins face-off versus Sam Reinhart in REGINA FALCONS zone.
3:00 of 2nd period - Shot by Rickard Rakell.
3:00 of 2nd period - Deflect By Andrei Kuzmenko.
3:00 of 2nd period - Shot Misses the Net.
4:27 of 2nd period - Kristopher Letang is hit by Marco Scandella and loses puck.
5:20 of 2nd period - Juuso Parssinen is hit by Pierre-Olivier Joseph.
5:28 of 2nd period - Shot by Juuso Parssinen.
5:28 of 2nd period - Stopped by Anton Khudobin without a rebound.
5:29 of 2nd period - Juuso Parssinen wins face-off versus Rickard Rakell in REGINA FALCONS zone.
5:37 of 2nd period - Icing by Logan Stanley.
5:38 of 2nd period - Rickard Rakell wins face-off versus Juuso Parssinen in REGINA FALCONS zone.
5:38 of 2nd period - Rickard Rakell is hit by Juuso Parssinen.
6:07 of 2nd period - Shot by Rickard Rakell.
6:07 of 2nd period - Deflect By Andrei Kuzmenko.
6:07 of 2nd period - Stopped by Jake Allen without a rebound.
6:08 of 2nd period - Jacob Peterson wins face-off versus Jonathan Miller in PHOENIX MUSTANGS zone.
6:11 of 2nd period - Shot by Simon Ryfors.
6:11 of 2nd period - Shot Misses the Net.
6:31 of 2nd period - Shot by Andreas Athanasiou.
6:31 of 2nd period - Shot Misses the Net.
6:43 of 2nd period - Shot by Tom Wilson.
6:43 of 2nd period - Goal by Tom Wilson - PHOENIX MUSTANGS : 3 - REGINA FALCONS : 1.
6:44 of 2nd period - Sam Reinhart wins face-off versus Max Jones in neutral zone.
7:09 of 2nd period - Shot by Sam Reinhart.
7:09 of 2nd period - Goal by Sam Reinhart - PHOENIX MUSTANGS : 4 - REGINA FALCONS : 1.
7:09 of 2nd period - Antti Raanta enters game.
7:10 of 2nd period - Egor Afanasyev wins face-off versus Juuso Parssinen in neutral zone.
7:17 of 2nd period - Shot by Jeff Malott.
7:17 of 2nd period - Shot Misses the Net.
7:22 of 2nd period - Icing by Jeff Petry.
7:23 of 2nd period - Alexander Kerfoot wins face-off versus Juuso Parssinen in PHOENIX MUSTANGS zone.
7:30 of 2nd period - Shot by Dominik Kubalik.
7:30 of 2nd period - Deflect By Alexander Kerfoot.
7:30 of 2nd period - Stopped by Jake Allen without a rebound.
7:31 of 2nd period - Jonathan Miller wins face-off versus Rickard Rakell in PHOENIX MUSTANGS zone.
8:00 of 2nd period - Shot by Tom Wilson.
8:00 of 2nd period - Stopped by Antti Raanta without a rebound.
8:01 of 2nd period - Alexander Kerfoot wins face-off versus Juuso Parssinen in REGINA FALCONS zone.
8:01 of 2nd period - Alexander Kerfoot is hit by Juuso Parssinen.
8:08 of 2nd period - Minor Penalty to Juuso Parssinen for Roughing.
8:09 of 2nd period - Andrew Copp wins face-off versus Alexander Kerfoot in PHOENIX MUSTANGS zone.
8:55 of 2nd period - Alexander Kerfoot is hit by Radko Gudas and loses puck.
9:32 of 2nd period - Shot by Andrei Kuzmenko.
9:32 of 2nd period - Goal by Andrei Kuzmenko - PHOENIX MUSTANGS : 4 - REGINA FALCONS : 2.
9:33 of 2nd period - Jacob Peterson wins face-off versus Juuso Parssinen in neutral zone.
9:46 of 2nd period - Shot by Jacob Peterson.
9:46 of 2nd period - Shot Misses the Net.
9:52 of 2nd period - Shot by Conor Sheary.
9:52 of 2nd period - Shot Blocked by Jacob Peterson.
9:54 of 2nd period - Shot by Jesper Fast.
9:54 of 2nd period - Stopped by Antti Raanta without a rebound.
9:55 of 2nd period - Sam Reinhart wins face-off versus Egor Afanasyev in REGINA FALCONS zone.
10:18 of 2nd period - Shot by Sam Reinhart.
10:18 of 2nd period - Shot Misses the Net.
10:20 of 2nd period - Shot by Andrew Copp.
10:20 of 2nd period - Shot Blocked by Zach Bogosian.
10:22 of 2nd period - Shot by Kristopher Letang.
10:22 of 2nd period - Stopped by Antti Raanta without a rebound.
10:23 of 2nd period - Jonathan Miller wins face-off versus Rickard Rakell in REGINA FALCONS zone.
10:28 of 2nd period - Shot by Jonathan Miller.
10:28 of 2nd period - Shot Misses the Net.
10:39 of 2nd period - Minor Penalty to Tom Wilson for Holding.
10:40 of 2nd period - Jonathan Miller wins face-off versus Alexander Kerfoot in PHOENIX MUSTANGS zone.
11:11 of 2nd period - Shot by John Klingberg.
11:11 of 2nd period - Shot Blocked by Kristopher Letang.
11:38 of 2nd period - Shot by Zach Bogosian.
11:38 of 2nd period - Shot Misses the Net.
12:05 of 2nd period - Icing by Rickard Rakell.
12:06 of 2nd period - Sam Reinhart wins face-off versus Rickard Rakell in REGINA FALCONS zone.
12:10 of 2nd period - Icing by Zach Bogosian.
12:11 of 2nd period - Jonathan Miller wins face-off versus Rickard Rakell in REGINA FALCONS zone.
12:11 of 2nd period - Andrew Copp is hit by Zach Bogosian and loses puck.
12:50 of 2nd period - Shot by Pavol Regenda.
12:50 of 2nd period - Shot Blocked by Juuso Parssinen.
12:56 of 2nd period - Shot by Conor Sheary.
12:56 of 2nd period - Stopped by Antti Raanta without a rebound.
12:57 of 2nd period - Sam Reinhart wins face-off versus Egor Afanasyev in REGINA FALCONS zone.
13:01 of 2nd period - Jordan Eberle is hit by Pierre-Olivier Joseph and loses puck.
13:11 of 2nd period - Andrew Copp is hit by Marco Scandella and loses puck.
13:22 of 2nd period - Shot by Sam Reinhart.
13:22 of 2nd period - Stopped by Antti Raanta with a rebound.
13:24 of 2nd period - Shot by Sam Reinhart.
13:24 of 2nd period - Stopped by Antti Raanta without a rebound.
13:25 of 2nd period - Andreas Athanasiou wins face-off versus Alexander Kerfoot in REGINA FALCONS zone.
13:38 of 2nd period - Shot by Alexander Kerfoot.
13:38 of 2nd period - Stopped by Jake Allen without a rebound.
13:39 of 2nd period - Juuso Parssinen wins face-off versus Rickard Rakell in PHOENIX MUSTANGS zone.
14:25 of 2nd period - Icing by Ilya Lyubushkin.
14:26 of 2nd period - Juuso Parssinen wins face-off versus Alexander Kerfoot in PHOENIX MUSTANGS zone.
14:55 of 2nd period - Shot by Tom Wilson.
14:55 of 2nd period - Shot Misses the Net.
15:32 of 2nd period - Icing by John Klingberg.
15:33 of 2nd period - Jordan Eberle wins face-off versus Jacob Peterson in REGINA FALCONS zone.
16:11 of 2nd period - Icing by Radko Gudas.
16:12 of 2nd period - Sam Reinhart wins face-off versus Rickard Rakell in PHOENIX MUSTANGS zone.
16:45 of 2nd period - Shot by Juuso Parssinen.
16:45 of 2nd period - Shot Misses the Net.
16:47 of 2nd period - Shot by Juuso Parssinen.
16:47 of 2nd period - Stopped by Antti Raanta with a rebound.
16:57 of 2nd period - Shot by Jesper Fast.
16:57 of 2nd period - Stopped by Antti Raanta with a rebound.
17:02 of 2nd period - Juuso Parssinen is hit by Zach Bogosian and loses puck.
17:25 of 2nd period - Tom Wilson is hit by Zach Bogosian and loses puck.
17:34 of 2nd period - Shot by Jonathan Miller.
17:34 of 2nd period - Shot Misses the Net.
17:44 of 2nd period - Shot by Jonathan Miller.
17:44 of 2nd period - Shot Misses the Net.
18:05 of 2nd period - Shot by Andreas Athanasiou.
18:05 of 2nd period - Stopped by Antti Raanta without a rebound.
18:06 of 2nd period - Sam Reinhart wins face-off versus Alexander Kerfoot in REGINA FALCONS zone.
18:09 of 2nd period - Shot by Jordan Eberle.
18:09 of 2nd period - Stopped by Antti Raanta without a rebound.
18:10 of 2nd period - Alexander Kerfoot wins face-off versus Sam Reinhart in REGINA FALCONS zone.
18:10 of 2nd period - Alexander Kerfoot is hit by Radko Gudas.
18:24 of 2nd period - Shot by Dominik Kubalik.
18:24 of 2nd period - Shot Hit the Post.
18:55 of 2nd period - Icing by Jeff Petry.
18:56 of 2nd period - Sam Reinhart wins face-off versus Jacob Peterson in PHOENIX MUSTANGS zone.
18:56 of 2nd period - Sam Reinhart is hit by Pavol Regenda.
19:48 of 2nd period - Minor Penalty to Pierre-Olivier Joseph for Hooking.
19:49 of 2nd period - Jonathan Miller wins face-off versus Rickard Rakell in REGINA FALCONS zone.
Goals for this period are 3 for PHOENIX MUSTANGS vs 1 for REGINA FALCONS.
Shots for this period are 21 for PHOENIX MUSTANGS vs 4 for REGINA FALCONS.

3rd period


0:01 of 3rd period - Jonathan Miller wins face-off versus Rickard Rakell in neutral zone.
0:29 of 3rd period - Shot by Sam Reinhart.
0:29 of 3rd period - Shot Blocked by John Klingberg.
0:31 of 3rd period - Shot by Jonathan Miller.
0:31 of 3rd period - Stopped by Antti Raanta without a rebound.
0:32 of 3rd period - Rickard Rakell wins face-off versus Andrew Copp in REGINA FALCONS zone.
0:43 of 3rd period - Shot by Jordan Eberle.
0:43 of 3rd period - Shot Blocked by John Klingberg.
0:45 of 3rd period - Shot by Andrew Copp.
0:45 of 3rd period - Stopped by Antti Raanta without a rebound.
0:46 of 3rd period - Jonathan Miller wins face-off versus Dominik Kubalik in REGINA FALCONS zone.
0:51 of 3rd period - Shot by Jonathan Miller.
0:51 of 3rd period - Shot Misses the Net.
1:44 of 3rd period - Shot by Jeff Petry.
1:44 of 3rd period - Stopped by Antti Raanta with a rebound.
2:19 of 3rd period - Shot by Radko Gudas.
2:19 of 3rd period - Shot Misses the Net.
2:29 of 3rd period - Shot by Juuso Parssinen.
2:29 of 3rd period - Goal by Juuso Parssinen - PHOENIX MUSTANGS : 5 - REGINA FALCONS : 2.
2:30 of 3rd period - Alexander Kerfoot wins face-off versus Sam Reinhart in neutral zone.
3:26 of 3rd period - Icing by Rickard Rakell.
3:27 of 3rd period - Rickard Rakell wins face-off versus Jonathan Miller in REGINA FALCONS zone.
3:40 of 3rd period - Shot by Rickard Rakell.
3:40 of 3rd period - Shot Blocked by Kristopher Letang.
3:50 of 3rd period - Shot by Jonathan Miller.
3:50 of 3rd period - Stopped by Antti Raanta without a rebound.
3:51 of 3rd period - Juuso Parssinen wins face-off versus Jacob Peterson in REGINA FALCONS zone.
3:55 of 3rd period - Conor Sheary is hit by Marco Scandella and loses puck.
4:06 of 3rd period - Shot by Jacob Peterson.
4:06 of 3rd period - Shot Blocked by Jeff Petry.
4:09 of 3rd period - Icing by Jesper Fast.
4:10 of 3rd period - Juuso Parssinen wins face-off versus Egor Afanasyev in PHOENIX MUSTANGS zone.
4:10 of 3rd period - Juuso Parssinen is hit by Jeff Malott.
4:15 of 3rd period - Icing by Jeff Petry.
4:16 of 3rd period - Alexander Kerfoot wins face-off versus Juuso Parssinen in PHOENIX MUSTANGS zone.
5:16 of 3rd period - Shot by Jonathan Miller.
5:16 of 3rd period - Stopped by Antti Raanta without a rebound.
5:17 of 3rd period - Sam Reinhart wins face-off versus Rickard Rakell in REGINA FALCONS zone.
5:18 of 3rd period - Shot by Jordan Eberle.
5:18 of 3rd period - Stopped by Antti Raanta without a rebound.
5:19 of 3rd period - Jonathan Miller wins face-off versus Rickard Rakell in REGINA FALCONS zone.
5:29 of 3rd period - Max Jones is hit by Torey Krug.
5:46 of 3rd period - Shot by Rickard Rakell.
5:46 of 3rd period - Stopped by Jake Allen without a rebound.
5:47 of 3rd period - Jacob Peterson wins face-off versus Jordan Eberle in PHOENIX MUSTANGS zone.
5:49 of 3rd period - Pavol Regenda is hit by Connor Clifton and loses puck.
5:58 of 3rd period - Shot by Jordan Eberle.
5:58 of 3rd period - Shot Misses the Net.
6:40 of 3rd period - Shot by Jonathan Miller.
6:40 of 3rd period - Stopped by Antti Raanta without a rebound.
6:41 of 3rd period - Jonathan Miller wins face-off versus Rickard Rakell in REGINA FALCONS zone.
6:46 of 3rd period - Shot by Andreas Athanasiou.
6:46 of 3rd period - Shot Misses the Net.
6:48 of 3rd period - Shot by Torey Krug.
6:48 of 3rd period - Shot Misses the Net.
7:15 of 3rd period - Tom Wilson is hit by Logan Stanley and loses puck.
7:18 of 3rd period - Shot by Jonathan Miller.
7:18 of 3rd period - Stopped by Antti Raanta without a rebound.
7:19 of 3rd period - Alexander Kerfoot wins face-off versus Juuso Parssinen in REGINA FALCONS zone.
7:25 of 3rd period - Pierre-Olivier Joseph is hit by Jesper Fast and loses puck.
8:35 of 3rd period - Shot by Jordan Eberle.
8:35 of 3rd period - Stopped by Antti Raanta without a rebound.
8:36 of 3rd period - Rickard Rakell wins face-off versus Tom Wilson in REGINA FALCONS zone.
8:47 of 3rd period - Shot by Rickard Rakell.
8:47 of 3rd period - Stopped by Jake Allen without a rebound.
8:48 of 3rd period - Jonathan Miller wins face-off versus Jacob Peterson in PHOENIX MUSTANGS zone.
8:53 of 3rd period - Shot by Jonathan Miller.
8:53 of 3rd period - Shot Blocked by Zach Bogosian.
10:00 of 3rd period - Andrew Copp is hit by Max Jones and loses puck.
10:10 of 3rd period - Icing by Radko Gudas.
10:11 of 3rd period - Alexander Kerfoot wins face-off versus Sam Reinhart in PHOENIX MUSTANGS zone.
10:23 of 3rd period - Alexander Kerfoot is hit by Jeff Petry and loses puck.
10:37 of 3rd period - Shot by Dominik Kubalik.
10:37 of 3rd period - Shot Misses the Net.
10:39 of 3rd period - Shot by John Klingberg.
10:39 of 3rd period - Shot Blocked by Radko Gudas.
10:41 of 3rd period - Shot by Alexander Kerfoot.
10:41 of 3rd period - Deflect By Dominik Kubalik.
10:41 of 3rd period - Shot Misses the Net.
10:58 of 3rd period - Egor Afanasyev is hit by Radko Gudas and loses puck.
11:01 of 3rd period - Shot by Marco Scandella.
11:01 of 3rd period - Stopped by Jake Allen with a rebound.
11:03 of 3rd period - Shot by Egor Afanasyev.
11:03 of 3rd period - Stopped by Jake Allen without a rebound.
11:04 of 3rd period - Rickard Rakell wins face-off versus Juuso Parssinen in PHOENIX MUSTANGS zone.
11:11 of 3rd period - Shot by Andrei Kuzmenko.
11:11 of 3rd period - Shot Misses the Net.
11:45 of 3rd period - Shot by Juuso Parssinen.
11:45 of 3rd period - Shot Misses the Net.
11:52 of 3rd period - Icing by Marco Scandella.
11:53 of 3rd period - Jonathan Miller wins face-off versus Rickard Rakell in REGINA FALCONS zone.
11:56 of 3rd period - Shot by Tom Wilson.
11:56 of 3rd period - Shot Misses the Net.
12:28 of 3rd period - Shot by Tom Wilson.
12:28 of 3rd period - Shot Misses the Net.
12:33 of 3rd period - Icing by Rickard Rakell.
12:34 of 3rd period - Rickard Rakell wins face-off versus Sam Reinhart in REGINA FALCONS zone.
12:39 of 3rd period - Shot by Andrew Copp.
12:39 of 3rd period - Shot Misses the Net.
13:11 of 3rd period - Shot by Sam Reinhart.
13:11 of 3rd period - Shot Misses the Net.
13:47 of 3rd period - John Klingberg is hit by Juuso Parssinen and loses puck.
14:02 of 3rd period - Shot by Juuso Parssinen.
14:02 of 3rd period - Deflect By Conor Sheary.
14:02 of 3rd period - Shot Misses the Net.
14:07 of 3rd period - Icing by Dominik Kubalik.
14:08 of 3rd period - Jonathan Miller wins face-off versus Alexander Kerfoot in REGINA FALCONS zone.
14:22 of 3rd period - Torey Krug is hit by Logan Stanley and loses puck.
15:05 of 3rd period - Shot by Jordan Eberle.
15:05 of 3rd period - Shot Blocked by Logan Stanley.
15:37 of 3rd period - Shot by Jordan Eberle.
15:37 of 3rd period - Stopped by Antti Raanta without a rebound.
15:38 of 3rd period - Juuso Parssinen wins face-off versus Jacob Peterson in REGINA FALCONS zone.
16:39 of 3rd period - Jesper Fast is hit by Rickard Rakell.
17:22 of 3rd period - Jeff Malott is hit by Kristopher Letang and loses puck.
17:28 of 3rd period - Sammy Walker is hit by Kristopher Letang and loses puck.
17:55 of 3rd period - Shot by Rickard Rakell.
17:55 of 3rd period - Stopped by Jake Allen with a rebound.
18:56 of 3rd period - Shot by Sam Reinhart.
18:56 of 3rd period - Stopped by Antti Raanta without a rebound.
18:57 of 3rd period - Alexander Kerfoot wins face-off versus Conor Sheary in REGINA FALCONS zone.
19:06 of 3rd period - Shot by Alexander Kerfoot.
19:06 of 3rd period - Shot Misses the Net.
19:08 of 3rd period - Shot by Marco Scandella.
19:08 of 3rd period - Stopped by Jake Allen without a rebound.
19:09 of 3rd period - Juuso Parssinen wins face-off versus Jeff Malott in PHOENIX MUSTANGS zone.
19:09 of 3rd period - Juuso Parssinen is hit by Max Jones.
19:12 of 3rd period - Icing by Conor Sheary.
19:13 of 3rd period - Alexander Kerfoot wins face-off versus Juuso Parssinen in PHOENIX MUSTANGS zone.
19:13 of 3rd period - Alexander Kerfoot is hit by Ilya Lyubushkin.
19:42 of 3rd period - Shot by Juuso Parssinen.
19:42 of 3rd period - Stopped by Antti Raanta without a rebound.
19:43 of 3rd period - Rickard Rakell wins face-off versus Sam Reinhart in REGINA FALCONS zone.
Goals for this period are 1 for PHOENIX MUSTANGS vs 0 for REGINA FALCONS.
Shots for this period are 13 for PHOENIX MUSTANGS vs 6 for REGINA FALCONS.


BLAKE
WHEELER
STEVEN
STAMKOS
DREW
DOUGHTY

EAST COAST

HOCKEY LEAGUE

  • 63.RHI2PIT5
  • 64.WOR4ATL3
  • 65.QUECHW
  • 66.CHATRV